Map: 大气2000-天梯版

Players

夜蝶蝶蝶蝶蝶蝶蝶 (Firefly)

  • Race: Protoss Protoss

JieShi - Winner!

  • Race: Protoss Protoss
  • League: Master

Event: DreamHack SC2 Masters 2021 Summer

VOD

Have the link to the VOD?

Description

Time

  • Played on: May 29, 2021, 8:22 a.m.
  • Length: 16:26

All games in this series

Show
View Real Time Build Order
Export as new Build Order

夜蝶蝶蝶蝶蝶蝶蝶 Protoss 

Build Orders: Oracle Opening, Phoenix Opening 

Get SALT Encoding   

  12  0:00  Probe  
  13  0:12  Probe  
  14  0:18  Pylon  
  14  0:24  Probe  
  15  0:36  Gateway  
  15  0:37  Probe (Chrono Boost)  
  16  0:47  Probe (Chrono Boost), Assimilator  
  17  0:52  Assimilator  
  17  0:53  Probe  
  18  1:05  Probe (Chrono Boost)  
  18  1:08  Gateway  
  19  1:17  Probe (Chrono Boost)  
  20  1:22  Probe (Chrono Boost)  
  20  1:24  Cybernetics Core  
  21  1:31  Probe  
  22  1:38  Pylon  
  22  1:44  Probe  
  23  1:56  Probe  
  23  2:00  Stalker x2  
  28  2:03  Warp Gate (Chrono Boost)  
  28  2:15  Pylon  
  28  2:23  Pylon  
  28  2:30  Stargate  
  28  2:36  Adept  
  30  2:55  Nexus  
  30  3:05  Shield Battery  
  30  3:11  Oracle (Chrono Boost)  
  34  3:21  Probe  
  33  3:28  Shield Battery  
  33  3:33  Probe  
  34  3:38  Pylon x2  
  37  3:48  Probe  
  37  3:55  Phoenix  
  37  3:58  Stalker  
  37  4:01  Stalker  
  40  4:08  Probe  
  40  4:15  Probe  
  40  4:20  Probe (Chrono Boost)  
  40  4:21  Phoenix  
  43  4:28  Probe (Chrono Boost)  
  44  4:32  Probe (Chrono Boost)  
  44  4:36  Robotics Facility  
  46  4:39  Probe (Chrono Boost)  
  46  4:40  Probe (Chrono Boost)  
  47  4:46  Probe  
  47  4:49  Probe  
  49  4:57  Stalker  
  49  4:59  Stalker  
  53  5:01  Probe  
  53  5:04  Probe  
  55  5:13  Probe (Chrono Boost)  
  51  5:16  Probe (Chrono Boost)  
  51  5:21  Adept  
  53  5:22  Stalker  
  53  5:25  Probe (Chrono Boost)  
  53  5:27  Probe (Chrono Boost)  
  57  5:30  Probe (Chrono Boost)  
  57  5:32  Probe (Chrono Boost)  
  59  5:36  Observer  
  59  5:38  Twilight Council  
  59  5:40  Forge  
  60  5:45  Probe  
  60  5:47  Probe  
  62  5:59  Pylon  
  62  6:01  Assimilator  
  62  6:05  Assimilator  
  62  6:06  Gateway  
  62  6:10  Gateway  
  62  6:12  Protoss Ground Weapons Level 1 (Chrono Boost)  
  62  6:15  Blink  
  62  6:18  Probe x2  
  64  6:21  Warp Prism (Chrono Boost)  
  66  6:30  Probe  
  67  6:37  Probe  
  68  6:44  Probe  
  68  6:49  Probe  
  69  6:55  Observer (Chrono Boost)  
  69  6:58  Nexus  
  70  7:04  Pylon  
  70  7:16  Pylon  
  70  7:22  Probe x2, Observer  
  73  7:24  Stalker x2  
  73  7:28  Pylon  
  77  7:32  Pylon  
  77  7:36  Pylon  
  71  7:37  Stalker x2  
  71  7:40  Probe x2  
  71  7:43  Warp Prism  
  79  7:53  Stalker x2  
  79  7:54  Probe x2 (Chrono Boost)  
  85  8:02  Protoss Ground Weapons Level 2 (Chrono Boost)  
  82  8:06  Probe (Chrono Boost)  
  82  8:12  Probe (Chrono Boost)  
  85  8:14  Probe (Chrono Boost), Gateway  
  85  8:16  Gateway  
  85  8:17  Gateway  
  85  8:18  Probe (Chrono Boost)  
  85  8:19  Gateway  
  86  8:22  Probe  
  86  8:26  Shield Battery  
  87  8:27  Probe  
  88  8:42  Stalker x4  
  88  8:47  Observer (Chrono Boost)  
  96  9:05  Sentry  
  96  9:06  Stalker x3  
  96  9:08  Pylon  
  96  9:09  Pylon  
  104  9:16  Stalker  
  104  9:17  Stalker x3  
  112  9:26  Charge (Chrono Boost)  
  110  9:34  Stalker x4  
  118  9:40  Sentry  
  118  9:41  Sentry  
  118  9:42  Stalker x2  
  120  10:06  Stalker x8  
  130  10:21  Pylon  
  130  10:23  Shield Battery  
  130  10:30  Zealot x5  
  140  10:39  Assimilator  
  140  10:41  Assimilator  
  140  10:42  Templar Archives  
  140  10:46  Nexus  
  139  10:59  Stalker x4  
  145  11:21  Stalker x4  
  149  11:28  Stalker x3  
  110  11:42  Dark Shrine  
  101  11:47  Stalker x2  
  75  12:23  Stalker x4  
  79  12:37  Zealot  
  61  12:59  Observer  
  61  13:09  Dark Templar x2  
  56  13:40  Dark Templar  
  58  13:54  Dark Templar  
  58  13:55  Zealot x3  
  58  14:06  Observer  
  56  14:20  Dark Templar x2  
  51  14:38  Observer  
  51  14:44  Probe (Chrono Boost)  
  51  14:45  Probe (Chrono Boost)  
  52  14:54  Probe (Chrono Boost)  
  47  15:00  Probe (Chrono Boost)  
  47  15:01  Probe (Chrono Boost)  
  49  15:09  Probe (Chrono Boost)  
  43  15:16  Stalker x4  
  49  15:23  Probe  
Show
View Real Time Build Order
Export as new Build Order

JieShi Protoss - Winner!

Build Orders: Oracle Opening, Archon Immortal 

Get SALT Encoding   

  12  0:00  Probe  
  13  0:12  Probe  
  14  0:17  Pylon  
  14  0:24  Probe (Chrono Boost)  
  15  0:37  Probe (Chrono Boost), Gateway  
  16  0:43  Probe (Chrono Boost)  
  16  0:46  Assimilator  
  17  0:51  Probe  
  17  0:55  Assimilator  
  18  1:03  Probe (Chrono Boost)  
  19  1:07  Gateway  
  19  1:12  Probe (Chrono Boost)  
  19  1:17  Probe (Chrono Boost)  
  20  1:24  Cybernetics Core  
  21  1:29  Probe  
  22  1:34  Pylon  
  22  1:41  Probe  
  23  1:53  Probe  
  24  2:00  Warp Gate  
  24  2:01  Stalker x2  
  28  2:10  Pylon  
  28  2:27  Stargate  
  28  2:30  Pylon  
  28  2:34  Adept  
  28  2:36  Adept  
  32  3:08  Oracle (Chrono Boost), Nexus  
  32  3:12  Probe  
  36  3:17  Shield Battery  
  36  3:24  Probe  
  37  3:32  Pylon  
  37  3:37  Shield Battery  
  37  3:45  Probe  
  37  3:47  Oracle (Chrono Boost)  
  38  3:55  Robotics Facility  
  41  3:58  Probe  
  40  4:10  Probe  
  40  4:17  Phoenix (Chrono Boost)  
  44  4:24  Probe (Chrono Boost)  
  44  4:26  Probe (Chrono Boost)  
  43  4:35  Probe (Chrono Boost)  
  43  4:37  Probe (Chrono Boost)  
  45  4:45  Probe  
  45  4:50  Stalker  
  48  4:54  Probe  
  48  4:57  Probe  
  48  4:59  Observer  
  51  5:03  Phoenix  
  51  5:06  Probe (Chrono Boost)  
  54  5:11  Probe (Chrono Boost)  
  50  5:18  Probe (Chrono Boost)  
  48  5:25  Probe (Chrono Boost), Observer, Assimilator  
  49  5:28  Phoenix, Assimilator  
  49  5:33  Probe (Chrono Boost)  
  49  5:34  Probe (Chrono Boost)  
  52  5:36  Pylon  
  52  5:37  Probe (Chrono Boost)  
  52  5:42  Stalker  
  55  5:43  Stalker  
  57  5:50  Shield Battery  
  57  5:52  Observer  
  57  5:55  Shield Battery  
  57  6:00  Phoenix  
  57  6:01  Probe  
  57  6:02  Probe  
  61  6:12  Pylon  
  61  6:13  Probe  
  61  6:14  Probe  
  61  6:17  Forge  
  63  6:21  Pylon  
  63  6:25  Phoenix  
  63  6:26  Probe x2  
  63  6:27  Immortal (Chrono Boost)  
  63  6:32  Pylon  
  70  6:38  Sentry  
  72  6:40  Probe  
  72  6:41  Probe  
  74  6:49  Gateway  
  74  6:50  Gateway  
  76  6:54  Protoss Ground Weapons Level 1  
  76  6:57  Immortal (Chrono Boost)  
  78  7:09  Twilight Council  
  78  7:10  Pylon  
  78  7:21  Photon Cannon  
  78  7:23  Nexus  
  78  7:29  Immortal  
  82  7:31  Probe  
  82  7:32  Probe  
  84  7:41  Gateway  
  84  7:42  Gateway  
  84  7:44  Charge (Chrono Boost)  
  84  7:45  Probe x2  
  86  7:56  Templar Archives  
  86  7:58  Probe x2, Gateway  
  88  8:10  Probe x2  
  90  8:13  Photon Cannon  
  90  8:14  Immortal (Chrono Boost)  
  94  8:22  Probe x2  
  94  8:26  Shield Battery  
  96  8:29  Pylon  
  97  8:34  Probe x2  
  97  8:35  Probe  
  97  8:40  Zealot x3  
  105  8:47  Probe, High Templar x2  
  105  8:48  Zealot  
  112  8:49  Immortal (Chrono Boost)  
  116  8:57  Pylon  
  116  8:58  Protoss Ground Weapons Level 2 (Chrono Boost)  
  116  8:59  Archon  
  116  9:00  High Templar  
  116  9:01  High Templar  
  120  9:05  Archon  
  120  9:09  Zealot x2  
  124  9:11  Pylon  
  124  9:13  Pylon  
  124  9:16  Pylon  
  124  9:17  Assimilator  
  124  9:21  Assimilator  
  124  9:23  Immortal  
  124  9:30  Pylon  
  128  9:33  Pylon  
  128  9:39  High Templar  
  128  9:40  High Templar  
  128  9:41  Pylon  
  128  9:42  Zealot x4  
  128  9:44  Zealot  
  128  9:45  Archon  
  142  9:59  Warp Prism (Chrono Boost)  
  126  10:13  High Templar x2, Zealot  
  126  10:14  Zealot x4  
  134  10:17  Gateway  
  134  10:19  Gateway  
  134  10:20  Archon  
  140  10:21  Photon Cannon  
  140  10:24  Nexus  
  139  10:37  Gateway  
  139  10:40  Observer (Chrono Boost)  
  139  10:42  Zealot x4  
  146  10:43  Zealot  
  150  10:54  Pylon  
  150  10:56  Pylon  
  150  11:07  High Templar x3  
  150  11:08  High Templar, Zealot  
  150  11:09  Zealot x2  
  164  11:12  Protoss Ground Weapons Level 3  
  164  11:13  Archon x2  
  162  11:23  Robotics Facility  
  139  11:35  Zealot x3  
  139  11:36  Zealot x2  
  139  11:37  Zealot  
  131  11:52  Zealot x2  
  118  12:00  Zealot x3  
  118  12:01  Zealot  
  119  12:10  Zealot  
  119  12:11  Zealot  
  119  12:15  Immortal (Chrono Boost)  
  97  12:23  Zealot x4  
  92  12:42  High Templar x2  
  92  12:43  High Templar x2, Zealot  
  92  12:44  Zealot  
  104  12:47  Observer, Archon x2  
  104  12:50  Zealot  
  97  12:59  Zealot  
  97  13:02  Probe (Chrono Boost)  
  100  13:06  Zealot  
  100  13:11  Probe (Chrono Boost)  
  99  13:16  Zealot x2  
  103  13:21  Zealot  
  102  13:27  Observer  
  97  13:36  Zealot  
  97  13:37  Zealot  
  97  13:48  Observer (Chrono Boost)  
  90  14:02  Zealot x3  
  85  14:18  Probe (Chrono Boost)  
  87  14:25  Probe (Chrono Boost)  
  87  14:27  Probe (Chrono Boost)  
  88  14:32  Observer, Probe (Chrono Boost)  
  88  14:38  Zealot x3  
  88  14:43  Probe  
  92  14:56  Probe x2  
  94  15:00  Zealot  
  96  15:08  Probe x2  
  91  15:15  Phoenix (Chrono Boost)  
  91  15:20  Probe  
  94  15:25  Zealot x3  
  98  15:42  Probe (Chrono Boost)  
  99  15:51  Probe (Chrono Boost)  
  99  15:56  Probe (Chrono Boost)  
  100  16:00  Zealot x4  
  100  16:01  Zealot  
  106  16:08  Probe  
  106  16:15  Zealot x2  
Tags
 
Add a new tag
Caveats
  • Supply blocks, unpowered buildings, or Contaminate may cause inaccurate times.
  • Supply counts are checked every 10 seconds.